 Dungeon Crawl Stone Soup version 0.20-a0-672-gd6c3c51 (webtiles) character file.

11441 Vesto the Fighter (level 11, -18/101 HPs)
             Began as a Minotaur Fighter on Feb 17, 2017.
             Was a High Priest of Okawaru.
             Demolished by a stone giant (24 damage)
             ... on level 1 of the Orcish Mines.
             The game lasted 00:26:11 (10553 turns).

Vesto the Fighter (Minotaur Fighter)               Turns: 10553, Time: 00:26:12

Health: -18/101    AC: 14    Str: 22      XL:     11   Next: 49%
Magic:  20/23      EV: 13    Int:  1 (6)  God:    Okawaru [*****.]
Gold:   515        SH: 14    Dex: 12      Spells: 16/16 levels left

rFire    . . .     SeeInvis .   a - +4 scimitar (flame)
rCold    . . .     Gourm    .   k - +0 scale mail
rNeg     . . .     Faith    .   c - +0 shield
rPois    .         Spirit   .   (helmet restricted)
rElec    .         Reflect  .   x - +0 cloak
rCorr    .         Harm     .   D - +2 pair of gloves {Str+3}
MR       .....                  G - +0 pair of boots
Stlth    +.........             B - amulet of regeneration
Regen    1.1/turn               d - +2 ring of evasion
MPRegen  0.2/turn               E - ring of magical power

@: slowed, lost intelligence, drained, very slow
A: retaliatory headbutt, horns 2, large bone plates 1, regeneration 1, weak 1
a: Heroism, Finesse, Renounce Religion


You were on level 1 of the Orcish Mines.
You worshipped Okawaru.
Okawaru was extremely pleased with you.
You were not hungry.

You visited 3 branches of the dungeon, and saw 15 of its levels.
You also visited: Sewer.

You collected 794 gold pieces.
You spent 279 gold pieces at shops.

Inventory:

Hand Weapons
 a - a +4 scimitar of flaming (weapon)
 b - a +3 scimitar of freezing
 I - a +1 scimitar of holy wrath
Missiles
 y - 2 throwing nets (quivered)
Armour
 c - a +0 shield (worn)
 k - a +0 scale mail (worn)
 x - a +0 cloak (worn)
 D - a +2 pair of gloves of strength (worn)
 G - a +0 pair of boots (worn)
Jewellery
 d - a +2 ring of evasion (right hand)
 B - an amulet of regeneration (around neck)
 E - a ring of magical power (left hand)
Wands
 o - a wand of acid (11/15)
 q - a wand of random effects (30/48)
 w - a wand of lightning (1/15)
Scrolls
 g - 5 scrolls of enchant armour
 h - 5 scrolls of identify
 i - a scroll of fog
 l - 2 scrolls of remove curse
 n - 6 scrolls of teleportation
 p - a scroll of noise {unknown}
 r - 3 scrolls of recharging
 z - a scroll of blinking
 F - 4 scrolls of enchant weapon
 H - a scroll of fear
Potions
 m - 2 potions of curing
 s - a potion of flight
 u - a potion of heal wounds
 A - a potion of resistance
 C - 2 potions of agility
Comestibles
 f - 15 bread rations
 j - 7 chunks of flesh
 t - 2 royal jellies
 v - 3 meat rations


   Skills:
 * Level 10.3(10.0) Fighting
 * Level 4.4(4.1) Long Blades
   Level 9.1(8.8) Maces & Flails
 + Level 5.5(5.3) Throwing
 + Level 7.6(7.4) Armour
 + Level 5.9(5.6) Dodging
 - Level 4.5(4.2) Stealth
 - Level 6.8(6.5) Shields
 - Level 3.1(2.9) Spellcasting
 + Level 4.0(3.8) Invocations
 + Level 3.7(3.4) Evocations


You had 16 spell levels left.
You didn't know any spells.

Dungeon Overview and Level Annotations

Branches:
Dungeon (12/15)            Temple (1/1) D:7            Lair (0/6) D:10
    Orc (2/2) D:10
    Elf: Orc:2

Altars:
Ashenzari
Cheibriados
Dithmenos
Elyvilon
Fedhas
Gozag
Hepliaklqana
Kikubaaqudgha
Makhleb
Nemelex Xobeh
Okawaru
Qazlal
Ru
Sif Muna
Trog
Uskayaw
Vehumet
Xom
Yredelemnul
Zin
The Shining One
Beogh

Shops:
D:6 [

Annotations:
D:6 exclusion: downstairs
D:8 exclusion: 2 downstairs


Innate Abilities, Weirdness & Mutations

You reflexively headbutt those who attack you in melee.
You have a pair of horns on your head.
You are partially covered in large bone plates. (SH +4)
Your natural rate of healing is unusually fast.
You are weak. (Str -2)


Message History

The stone giant is lightly wounded.
The stone giant hits you!
You slash the stone giant! You burn the stone giant.
You headbutt the stone giant, but do no damage.
The stone giant is moderately wounded.
The stone giant hits you!!
* * * LOW HITPOINT WARNING * * *
The stone giant hits you.
* * * LOW HITPOINT WARNING * * *
You feel much better. You block the stone giant's attack.
You slash the stone giant! You burn the stone giant.
The stone giant is moderately wounded.
You feel like a meek peon again. The stone giant hits you!!
* * * LOW HITPOINT WARNING * * *
You block the stone giant's attack.
You hit the stone giant. You burn the stone giant.
The stone giant is moderately wounded.
The stone giant closely misses you. The stone giant hits you!!
You die...

################## ###
##.....#...#...##.######.###
#..................#.##...#.
##.........)....#.#....#....
#.........)C)...............
#.........)@................
#.......)###################
#.......# # #.......(# #
#.......o# # #.......(# #
#........# # #.....o8C#
#.......C#


You could see a stone giant.

Vanquished Creatures
  Erica (D:9)
  The ghost of dweller the Cudgeler, a novice TrBe of Trog (D:7)
  An orc knight (Orc:2)
  2 orc sorcerers (Orc:1)
  A cyclops (Orc:1)
  A centaur skeleton (D:10)
  A kobold demonologist (D:8)
  A troll (D:10)
  The ghost of Murumi the Shield-Bearer, an amateur FoFi (D:4)
  Grinder (D:6)
  2 hippogriffs
  A spriggan (D:7)
  A wraith (D:10)
  A hungry ghost (D:10)
  Menkaure (D:5)
  A warg (Orc:2)
  A water moccasin (D:9)
  7 orc warriors
  4 ice beasts
  2 sky beasts
  A black bear (D:10)
  5 ogres
  A necrophage (D:8)
  4 wolves (D:10)
  2 phantoms
  6 centaurs
  10 big kobolds
  A gnoll sergeant (D:7)
  6 bullfrogs
  8 wights (D:10)
  6 electric eels
  A howler monkey (D:4)
  2 crimson imps
  A bullfrog zombie (D:5)
  2 jellies
  2 bullfrog skeletons
  9 orc priests
  7 hounds
  Crazy Yiuf (D:5)
  15 orc wizards
  3 iguanas
  4 worker ants
  8 ogre zombies (D:10)
  A hound zombie (D:6)
  A hound skeleton (D:5)
  A worker ant zombie (D:9)
  9 gnolls
  9 adders
  2 river rats
  2 shadow imps
  An ooze (D:4)
  An adder skeleton (D:7)
  6 worms
  3 dart slugs
  5 leopard geckos
  56 orcs
  9 giant cockroaches
  3 goblins
  8 hobgoblins
  22 jackals
  14 kobolds
  5 quokkas
  A ball python (D:5)
  15 bats
  4 frilled lizards
  A giant cockroach zombie (D:5)
  4 goblin zombies (D:10)
  2 hobgoblin skeletons (D:10)
  4 hobgoblin zombies (D:10)
  A jackal skeleton (D:5)
  A leopard gecko skeleton (D:4)
  4 orc skeletons (D:10)
  11 orc zombies (D:10)
  16 rats
  4 plants (D:8)
363 creatures vanquished.

Notes
Turn   | Place    | Note
-------+----------+-------------------------------------------
     0 | D:1      | Vesto the Minotaur Fighter began the quest for the Orb.
     0 | D:1      | Reached XP level 1. HP: 19/19 MP: 0/0
     1 | D:1      | Noticed an electric eel
   196 | D:1      | Reached skill level 4 in Fighting
   196 | D:1      | Reached XP level 2. HP: 16/27 MP: 1/1
   246 | D:2      | Reached XP level 3. HP: 25/33 MP: 2/2
   423 | D:2      | Found a snail-covered altar of Cheibriados.
   459 | D:2      | Reached skill level 1 in Stealth
   590 | D:3      | Reached skill level 1 in Dodging
   590 | D:3      | Reached XP level 4. HP: 35/41 MP: 3/3
   599 | D:3      | Reached skill level 1 in Throwing
   888 | D:4      | Noticed an ogre
   920 | D:4      | Killed an ogre
   920 | D:4      | Reached XP level 5. HP: 6/47 MP: 3/5
  1060 | D:4      | Noticed Murumi's ghost (amateur FoFi)
  1071 | D:4      | HP: 2/47 [bullfrog skeleton (4)]
  1245 | D:4      | Noticed a phantom
  1270 | D:4      | Killed a phantom
  1270 | D:4      | Reached skill level 5 in Fighting
  1270 | D:4      | Reached XP level 6. HP: 36/56 MP: 6/6
  1430 | D:4      | Reached skill level 1 in Spellcasting
  1452 | D:5      | Entered Level 5 of the Dungeon
  1868 | D:5      | Found a sparkling altar of Nemelex Xobeh.
  1915 | D:5      | Found a glowing drain.
  1948 | Sewer    | Entered a sewer
  2181 | Sewer    | Reached XP level 7. HP: 55/62 MP: 7/7
  2235 | Sewer    | Found a white marble altar of Elyvilon.
  2491 | D:5      | Found a glowing silver altar of Zin.
  2523 | D:5      | Noticed Menkaure
  2527 | D:5      | Killed Menkaure
  2527 | D:5      | Reached skill level 5 in Maces & Flails
  2527 | D:5      | Reached skill level 5 in Armour
  2785 | D:5      | Found a runed door.
  2789 | D:5      | Noticed Crazy Yiuf
  2795 | D:5      | Killed Crazy Yiuf
  2795 | D:5      | Reached skill level 6 in Fighting
  2972 | D:6      | Noticed Grinder
  2982 | D:6      | Killed Grinder
  2982 | D:6      | Reached XP level 8. HP: 21/70 MP: 9/9
  3670 | D:6      | Reached skill level 5 in Shields
  3749 | D:6      | Found Bofaarru's Armour Emporium.
  3765 | D:6      | Bought a +2 pair of gloves of strength for 279 gold pieces
  4013 | D:7      | Found a glowing golden altar of the Shining One.
  4023 | D:7      | Noticed dweller's ghost (novice TrBe)
  4047 | D:7      | Killed dweller's ghost
  4047 | D:7      | Reached skill level 7 in Fighting
  4047 | D:7      | Reached XP level 9. HP: 66/79 MP: 9/11
  4500 | D:7      | Found an opulent altar of Gozag.
  4529 | D:7      | Found a staircase to the Ecumenical Temple.
  4538 | Temple   | Entered the Ecumenical Temple
  4765 | Temple   | Became a worshipper of Warmaster Okawaru
  4910 | D:4      | Reached skill level 1 in Evocations
  5577 | D:2      | Found a sacrificial altar of Ru.
  5712 | D:2      | Found a sparkling altar of Nemelex Xobeh.
  5872 | D:3      | Gained mutation: Your natural rate of healing is unusually fast. [potion of mutation]
  5872 | D:3      | Gained mutation: You are weak. (Str -2) [potion of mutation]
  5872 | D:3      | Gained mutation: You are partially covered in large bone plates. (SH +4) [potion of mutation]
  6035 | D:3      | Found a white marble altar of Elyvilon.
  6799 | D:4      | Killed Murumi's ghost
  6799 | D:4      | Reached * piety under Okawaru
  7038 | D:4      | Reached skill level 1 in Invocations
  7284 | D:7      | Reached skill level 8 in Fighting
  7395 | D:7      | Found a hazy altar of Hepliaklqana.
  7751 | D:8      | Found a basalt altar of Yredelemnul.
  7822 | D:8      | Reached ** piety under Okawaru
  7822 | D:8      | Reached XP level 10. HP: 65/90 MP: 11/13
  7847 | D:10     | Entered Level 10 of the Dungeon
  8024 | D:9      | Found a shattered altar of Ashenzari.
  8223 | D:8      | Noticed a soul eater
  8241 | D:8      | Noticed a rust devil
  8263 | D:8      | Reached skill level 5 in Dodging
  8351 | D:8      | Found a blossoming altar of Fedhas.
  8617 | D:9      | Reached *** piety under Okawaru
  9234 | D:9      | Noticed Erica
  9246 | D:9      | Killed Erica
  9246 | D:9      | Reached skill level 9 in Fighting
  9257 | D:9      | Reached **** piety under Okawaru
  9542 | D:10     | Found a staircase to the Lair.
  9562 | D:10     | Reached skill level 1 in Long Blades
  9670 | D:10     | Reached skill level 5 in Throwing
  9672 | D:10     | Reached XP level 11. HP: 97/97 MP: 14/14
  9995 | D:10     | Found a staircase to the Orcish Mines.
 10147 | Orc:1    | Entered Level 1 of the Orcish Mines
 10150 | Orc:2    | Entered Level 2 of the Orcish Mines
 10162 | Orc:2    | Reached ***** piety under Okawaru
 10290 | Orc:2    | Found a roughly hewn altar of Beogh.
 10313 | Orc:1    | Noticed an orc knight
 10331 | Orc:2    | Killed an orc knight
 10331 | Orc:2    | Reached skill level 10 in Fighting
 10340 | Orc:1    | Received a gift from Okawaru
 10362 | Orc:1    | Noticed an orc sorcerer
 10367 | Orc:1    | Noticed a soul eater
 10372 | Orc:1    | Paralysed by an orc sorcerer for 7 turns
 10382 | Orc:1    | Killed an orc sorcerer
 10425 | Orc:1    | Noticed an orc sorcerer
 10429 | Orc:1    | Noticed a sun demon
 10430 | Orc:1    | Lost intelligence.
 10440 | Orc:1    | Killed an orc sorcerer
 10520 | Orc:1    | Noticed a stone giant
 10535 | Orc:1    | Lost intelligence.
 10550 | Orc:1    | HP: 5/101 [stone giant (5)]
 10553 | Orc:1    | Demolished by a stone giant

Vault maps used:
D:1:      arrival_aquarium_a, kennysheep_decorative_pillar
D:2:      kennysheep_slug_shrine, nemelex_xobeh_ov_fountains_minmay,
          nicolae_ru_sacrificial_ziggurat
D:3:      lemuel_round_altar, kennysheep_crisscross
D:5:      kennysheep_mini_moat, portal_sewer_entry_e, first_bread,
          nemelex_lonely_heart_becter, uniq_menkaure, uniq_crazy_yiuf_cottage
D:6:      serial_shops, shop, uniq_grinder
D:7:      tso_metal_star, grunt_gozag_statues, nicolae_overflow_crystal_walls,
          minmay_temple_entry_mist, the_bakery
D:8:      lemuel_doored_altar, fedhas_altar_2, special_room, wad_woods_river_04
D:9:      ashenzari_conservatory_becter, uniq_erica
D:10:     erik_lair_island, zombieorc2_lemuel, minmay_misc_feat_room,
          minmay_tree_intersection
D:11:     serial_park_tiny_1
D:12:     serial_shops, shop
Temple:   minmay_temple_curvy_loop
Orc:1:    minmay_orc_temple_c
Orc:2:    st_orc_rangers, basic_altar, uniq_nessos
Sewer:    sewer_kobolds

Skill      XL: |  1  2  3  4  5  6  7  8  9 10 11 |
---------------+----------------------------------+-----
Fighting       | 4 5 6 7 8 9 10 | 10.3
Maces & Flails | 3 4 5 6 8 9 |  9.1
Stealth        | 1 2 3 4 |  4.5
Dodging        | 1 2 3 4 5 |  5.9
Throwing       | 1 2 3 4 5 |  5.5
Armour         | 4 5 6 7 |  7.6
Shields        | 4 5 6 |  6.8
Spellcasting   | 1 2 3 |  3.1
Evocations     | 2 3 |  3.7
Invocations    | 2 3 4 |  4.0
Long Blades    | 2 4 |  4.4

Action                   |  1- 3 |  4- 6 |  7- 9 | 10-12 || total
-------------------------+-------+-------+-------+-------++-------
Melee: Flail             |    60 |   122 |   357 |   215 ||   754
       Headbutt          |    15 |    19 |    62 |    86 ||   182
       Scimitar          |       |       |       |   192 ||   192
Invok: Heroism           |       |       |     1 |    12 ||    13
       Finesse           |       |       |       |     2 ||     2
Evoke: Wand              |       |       |       |     4 ||     4
  Use: Potion            |     1 |     3 |     8 |     6 ||    18
       Scroll            |       |     6 |     6 |     4 ||    16
 Stab: Sleeping          |       |       |       |     1 ||     1
  Eat: Chunk             |       |     1 |    12 |     5 ||    18
       Meat ration       |       |     1 |       |       ||     1
       Fruit             |       |       |     3 |     6 ||     9
       Royal jelly       |       |       |     1 |       ||     1
Armor: Scale mail        |    35 |    31 |   107 |    90 ||   263
       Skin              |       |       |       |    12 ||    12
Dodge: Dodged            |    22 |    55 |   124 |   145 ||   346
Block: Shield            |    48 |    64 |   210 |   298 ||   620
       Rpst.: Scimitar   |       |       |       |    23 ||    23
